 Dungeon Crawl Stone Soup version 0.23.2 (webtiles) character file.

Game seed: 9693530130988909437

94654 doot the Convoker (level 16, -32/79 HPs)
             Began as a Tengu Summoner on Apr 3, 2019.
             Was the Champion of Hepliaklqana.
             Killed from afar by a deep elf knight (38 damage)
             ... with a shard of ice
             ... on level 1 of the Elven Halls on Apr 6, 2019.
             The game lasted 03:31:16 (38572 turns).

doot the Convoker (Tengu Summoner)                 Turns: 38572, Time: 03:31:17

Health: -32/79     AC: 11    Str: 11    XL:     16   Next: 12%
Magic:  8/35       EV: 21    Int: 17    God:    Hepliaklqana [******]
Gold:   1544       SH:  0    Dex: 26    Spells: 14/44 levels left

rFire    + + +     SeeInvis +   a - +6 shortbow "Zeuthun" {venom, rC++ Dex+4}
rCold    + + .     Gourm    .   (shield currently unavailable)
rNeg     + . .     Faith    .   K - +1 acid dragon scales
rPois    +         Spirit   .   y - +0 hat {MR+}
rElec    .         Reflect  .   m - +0 cloak
rCorr    +         Harm     .   Y - +0 pair of gloves
MR       ++...                  (boots unavailable)
Stlth    ++++......             W - amulet of regeneration
HPRegen  0.63/turn              e - ring of Luiwogoso {rF+ rN+ Dex+4 SInv}
MPRegen  0.24/turn              C - ring of Understanding {rPois rF++}

@: about to teleport, flying quickly and evasively, very slightly contaminated,
quick
A: reduced essence, beak, talons 3, able to fly
a: Stop Flying, Recall Ancestor, Ancestor Identity, Transference, Idealise,
Renounce Religion


You were on level 1 of the Elven Halls.
You worshipped Hepliaklqana.
Hepliaklqana was exalted by your worship.
You were very hungry.

You visited 7 branches of the dungeon, and saw 29 of its levels.
You also visited: Gauntlet and Volcano.

You collected 3083 gold pieces.
You spent 1539 gold pieces at shops.

Inventory:

Hand Weapons
 a - the +6 shortbow "Zeuthun" (weapon) {venom, rC++ Dex+4}
   (You found it on level 6 of the Lair of Beasts)

   It poisons the ammo it fires.
   It affects your dexterity (+4).
   It greatly protects you from cold.
 b - the +7 whip of the Moth {slash, Str+7 Dex+3}
   (You found it in a volcano)

   It inflicts extra damage upon your enemies.
   It affects your strength (+7).
   It affects your dexterity (+3).
Missiles
 H - 82 arrows (quivered)
Armour
 m - a +0 cloak (worn)
 w - a scarf of spirit shield
 y - a +0 hat of magic resistance (worn)
 K - +1 acid dragon scales (worn)
 R - a +0 shield of reflection
 Y - a +0 pair of gloves (worn)
Jewellery
 e - the ring of Luiwogoso (left hand) {rF+ rN+ Dex+4 SInv}
   (You found it on level 15 of the Dungeon)

   [ring of protection from fire]

   It affects your dexterity (+4).
   It protects you from fire.
   It protects you from negative energy.
   It lets you see invisible.
 f - an uncursed amulet of faith
 h - the ring "Sepp" {Ice rElec MR+ Stlth+}
   (You found it on level 15 of the Dungeon)

   [ring of ice]

   It enhances your ice magic.
   It makes you vulnerable to fire.
   It protects you from cold.
   It insulates you from electricity.
   It affects your resistance to hostile enchantments.
   It makes you more stealthy.
 q - a +4 ring of slaying
 v - the ring of the Priest {Wiz rF+ rC++ Int+2 Stlth-}
   (You took it off a centaur warrior on level 15 of the Dungeon)

   [ring of wizardry]

   It improves your spell success rate.
   It affects your intelligence (+2).
   It protects you from fire.
   It greatly protects you from cold.
   It makes you less stealthy.
 C - the ring of Understanding (right hand) {rPois rF++}
   (You took it off Azrael on level 15 of the Dungeon)

   [ring of poison resistance]

   It greatly protects you from fire.
   It protects you from poison.
 M - an uncursed ring of wizardry
 N - the ring "Onocasir" {Str+3 Int-3 Dex+7}
   (You found it on level 15 of the Dungeon)

   [ring of intelligence]

   It affects your strength (+3).
   It affects your intelligence (-3).
   It affects your dexterity (+7).
 P - an uncursed ring of protection from fire
 S - an uncursed amulet of the acrobat
 W - an amulet of regeneration (around neck)
Wands
 D - a wand of digging (5)
 G - a wand of iceblast (22)
 L - a wand of acid (10)
 U - a wand of paralysis (11)
 V - a wand of scattershot (4)
 Z - a wand of flame (35)
Scrolls
 d - 6 scrolls of enchant armour
 k - 10 scrolls of teleportation
 n - 4 scrolls of enchant weapon
 o - 12 scrolls of fog
 s - 3 scrolls of magic mapping
 z - 3 scrolls of immolation
 B - 8 scrolls of fear
 E - 8 scrolls of remove curse
 O - 3 scrolls of summoning
Potions
 g - 9 potions of curing
 i - a potion of ambrosia
 j - a potion of cancellation
 l - 6 potions of brilliance
 p - 9 potions of heal wounds
 r - 3 potions of haste
 t - 3 potions of berserk rage
 u - 3 potions of resistance
 x - 3 potions of agility
 A - 3 potions of invisibility
 J - 2 potions of mutation
 Q - a potion of magic
 T - 4 potions of might
 X - a potion of lignification {unknown}
Miscellaneous
 F - a phantom mirror
Comestibles
 c - 50 rations


   Skills:
 + Level 5.5 Fighting
 + Level 10.0 Maces & Flails
 + Level 2.2 Bows
 + Level 6.5 Armour
 + Level 7.0 Dodging
 + Level 8.8 Stealth
 + Level 0.2 Unarmed Combat
 + Level 14.5 Spellcasting
 + Level 16.7 Summonings
 + Level 2.5 Translocations
 + Level 4.5 Ice Magic
 + Level 8.5 Air Magic
 + Level 4.3 Invocations


You had 14 spell levels left.
You knew the following spells:

 Your Spells              Type           Power        Failure   Level  Hunger
a - Shadow Creatures      Summ           N/A          1%          6    ######.
b - Recall                Summ/Tloc      N/A          1%          3    None
c - Call Canine Familiar  Summ           ######..     1%          3    None
d - Summon Ice Beast      Ice/Summ       #####...     1%          4    #......
e - Summon Lightning Spi  Summ/Air       ######..     1%          4    #......
f - Summon Demon          Summ           ######....   1%          5    ####...
g - Summon Forest         Summ/Tloc      #####.....   4%          5    ####...

Your spell library contained the following spells:

 Spells                   Type           Power        Failure   Level  Hunger
 Summon Small Mammal      Summ           ####         0%          1    None
 Call Imp                 Summ           ######..     0%          2    None
 Freeze                   Ice            ####         1%          1    None
 Shock                    Conj/Air       ####         1%          1    None
 Poisonous Vapours        Pois/Air       ####..       1%          2    None
 Swiftness                Chrm/Air       ####....     1%          2    None
 Summon Guardian Golem    Hex/Summ       #####...     1%          3    None
 Aura of Abjuration       Summ           ######....   1%          5    ####...
 Throw Frost              Conj/Ice       ###...       4%          2    None
 Shroud of Golubria       Chrm/Tloc      ###.......   7%          2    None
 Summon Mana Viper        Hex/Summ       #####...     7%          5    ####...
 Beastly Appendage        Tmut           ##....       8%          1    None
 Confusing Touch          Hex            ##....       8%          1    None
 Corona                   Hex            ##.....      8%          1    None
 Flame Tongue             Conj/Fire      ##...        8%          1    None
 Infusion                 Chrm           ##..         8%          1    None
 Magic Dart               Conj           ##..         8%          1    None
 Gell's Gravitas          Tloc           ###.......   9%          3    None
 Ozocubu's Armour         Chrm/Ice       ###.....     10%         3    None
 Searing Ray              Conj           ##....       12%         2    None
 Slow                     Hex            ##......     12%         2    None
 Song of Slaying          Chrm           ##......     12%         2    None
 Sticks to Snakes         Tmut           ##......     12%         2    None
 Portal Projectile        Hex/Tloc       ###...       14%         3    None
 Confuse                  Hex            ##......     24%         3    None
 Dazzling Spray           Conj/Hex       ##....       24%         3    None
 Ignite Poison            Fire/Tmut/Pois ##......     24%         3    None
 Inner Flame              Hex/Fire       ##......     24%         3    None
 Regeneration             Chrm/Necr      ##........   24%         3    None
 Spectral Weapon          Hex/Chrm       ##......     24%         3    None
 Spider Form              Tmut/Pois      ##........   24%         3    None
 Ice Form                 Ice/Tmut       ###.....     30%         4    #......
 Throw Icicle             Conj/Ice       ###.....     30%         4    #......
 Force Lance              Conj/Tloc      ###.....     41%         4    #......
 Cause Fear               Hex            ##........   61%         4    #......
 Fulminant Prism          Conj/Hex       ##........   61%         4    #......
 Iskenderun's Mystic Bla  Conj           ##......     61%         4    #......
 Leda's Liquefaction      Hex/Erth       ##........   61%         4    #......
 Petrify                  Tmut/Erth      ##......     61%         4    #......
 Sticky Flame             Conj/Fire      ##......     61%         4    #......
 Metabolic Englaciation   Hex/Ice        ###.......   65%         5    ####...
 Freezing Cloud           Conj/Ice/Air   ####......   90%         6    ######.
 Blade Hands              Tmut           ##........   91%         5    ####...
 Bolt of Magma            Conj/Fire/Erth ##........   91%         5    ####...
 Excruciating Wounds      Chrm/Necr      ##........   91%         5    ####...
 Yara's Violent Unravell  Hex/Tmut       ##........   91%         5    ####...
 Conjure Ball Lightning   Conj/Air       ####......   91%         6    ######.
 Bolt of Fire             Conj/Fire      ##........   100%        6    ######.
 Iron Shot                Conj/Erth      ##........   100%        6    ######.
 Statue Form              Tmut/Erth      ##.......    100%        6    ######.
 Shatter                  Erth           ##........   100%        9    #######
 Tornado                  Air            #####.....   100%        9    #######


Dungeon Overview and Level Annotations

Branches:
Dungeon (15/15)            Temple (1/1) D:7            Lair (6/6) D:11
 Shoals (2/4) Lair:3        Snake (2/4) Lair:4        Slime (0/5) Lair:5
    Orc (2/2) D:11            Elf (1/3) Orc:2        Vaults (0/5) D:14
 Depths (0/5) D:15

Altars:
Ashenzari
Cheibriados
Dithmenos
Elyvilon
Fedhas
Gozag
Hepliaklqana
Kikubaaqudgha
Makhleb
Nemelex Xobeh
Okawaru
Qazlal
Ru
Sif Muna
Trog
Uskayaw
Vehumet
Wu Jian
Xom
Yredelemnul
Zin
The Shining One

Shops:
D:15 **[   Orc:2 [:%!

Portals:
Trove: D:13 (give 9 potions of agility)


Innate Abilities, Weirdness & Mutations

You have a beak for a mouth.
You have claws for feet.
You can fly continuously.
Your life essence is reduced to manifest your ancestor. (-10% HP)


Message History

Firing (i - inventory)
H - 84 arrows (quivered)
Press: ? - help, Shift-Dir - straight line, f/p - deep elf knight
Aim: a deep elf knight, wielding a +0 short sword (almost dead, fast, slightly transparent)
You shoot an arrow.
The arrow closely misses the deep elf knight.
As you read the scroll of teleportation, it crumbles to dust.
You feel strangely unstable.
Unknown command.
Firing (i - inventory)
H - 83 arrows (quivered)
Press: ? - help, Shift-Dir - straight line, f/p - deep elf knight
Aim: a deep elf knight, wielding a +0 short sword (almost dead, fast, slightly transparent)
You shoot an arrow.
The arrow closely misses the deep elf knight.
The arrow closely misses the deep elf mage.
The deep elf knight gestures at you while chanting.
The shard of ice hits you! You partially resist.
* * * LOW HITPOINT WARNING * * *
The deep elf knight points at you and mumbles some strange words.
The shard of ice hits you!!! You partially resist.
You die...

#..#..# ..#
#..'..# ..#..#
#..#..# #..+
#..#..# #..#
#..#..# #..#
#..#..# #..#
#..#..#....#..#
...#..#....#..#
....#..#....#@.#
#..#....#..#
#..#....#e.#..#
#..#....#..#..#
#..#....#..♣..#
#..#....'..#..#
#..#....#e.#..#
#.>'....#(e#..#
#..####'#...).#


You could see a deep elf knight (invisible) and 2 deep elf magi.

Vanquished Creatures
  A merfolk avatar (Shoals:1)
  A two-headed ogre (D:14)
  A dancing weapon (Elf:1)
  2 sea snakes
  A naga ritualist (Snake:1)
  3 harpies (Shoals:1)
  5 deep elf magi
  A cyclops (D:15)
  An oklob plant (D:10)
  A manticore (Shoals:1)
  3 black mambas (Snake:1)
  2 elephants (Lair:2)
  2 centaur skeletons
  5 spiny frogs (Lair:6)
  2 yaktaurs (Volcano)
  A rime drake (Lair:6)
  4 merfolk (Shoals:1)
  A troll (D:12)
  A hornet (D:8)
  A snapping turtle (Shoals:1)
  7 blink frogs (Lair:6)
  3 hippogriffs
  5 yaks
  A water elemental (Shoals:1)
  6 vampire mosquitoes
  A steam dragon (D:11)
  A naga (Snake:1)
  9 porcupines
  4 water moccasins
  An ice beast (D:14)
  A black bear (D:7)
  A sky beast (D:10)
  A phantom (D:10)
  6 ogres
  3 wolves
  2 centaurs
  6 crocodiles
  20 bullfrogs
  An earth elemental (Elf:1)
  6 killer bees
  An oklob sapling (D:10)
  A wight (D:11)
  2 electric eels
  2 bullfrog zombies
  3 crimson imps
  2 hounds
  A bullfrog skeleton (D:6)
  A hexer (D:10)
  9 orc wizards
  A hound zombie (D:9)
  2 hound skeletons
  3 howler monkey skeletons
  9 adders
  3 shadow imps
  2 oozes
  A worm (D:2)
  A dart slug (D:1)
  2 leopard geckos
  14 orcs
  3 bats
  6 giant cockroaches
  3 goblins
  8 hobgoblins
  23 jackals
  10 kobolds
  5 quokkas
  3 ball pythons
  2 frilled lizards
  2 leopard gecko skeletons
  A quokka skeleton (D:4)
  A quokka zombie (D:8)
  7 rats
  A plant (Lair:1)
259 creatures vanquished.

Vanquished Creatures (collateral kills)
  Kirke (D:13)
  Donald (Shoals:1)
  A red draconian (Volcano)
  Azrael (D:15)
  Snorg (D:12)
  A deep elf death mage (Orc:2)
  2 merfolk impalers (Shoals:1)
  8 ogre magi
  Erolcha (D:12)
  A yaktaur captain (D:15)
  6 hydras
  9 vault guards
  2 naga warriors (Snake:1)
  6 centaur warriors
  17 two-headed ogres
  A merfolk aquamancer (Shoals:1)
  A dancing weapon (Elf:1)
  2 deep troll shamans (D:15)
  An anaconda (Snake:1)
  3 tengu warriors
  A deep troll earth mage (D:15)
  5 death yaks
  A naga sharpshooter (Snake:2)
  4 deep elf knights
  A skeletal warrior (D:15)
  A wizard (D:14)
  2 sea snakes (Shoals:1)
  5 unseen horrors
  A deep elf archer (Elf:1)
  2 orc knights
  7 harpies
  A wolf spider (D:15)
  11 deep elf magi
  3 ugly things
  2 mana vipers (Snake:1)
  An oklob plant (Lair:1)
  3 manticores
  7 cyclopes
  4 fauns (Shoals:1)
  2 salamanders (Snake:1)
  A merfolk siren (Shoals:1)
  7 black mambas
  7 elephants
  Joseph (D:10)
  2 centaur zombies
  A naga mage (Snake:1)
  A torpor snail (Lair:5)
  2 gargoyles
  16 komodo dragons
  3 rime drakes
  A komodo dragon (shapeshifter) (D:15)
  14 spiny frogs
  An efreet (D:14)
  A yaktaur (Volcano)
  A polar bear (Lair:6)
  A queen bee (D:10)
  4 hornets
  3 tyrant leeches (Lair:6)
  5 trolls
  2 wind drakes (Shoals:1)
  A meliai (shapeshifter) (D:13)
  2 snapping turtles
  2 merfolk (Shoals:1)
  8 blink frogs
  2 dream sheep (Shoals:1)
  5 slime creatures
  8 hippogriffs
  A centaur simulacrum (D:15)
  A redback (D:15)
  A spriggan (D:15)
  5 water elementals (Shoals:1)
  A shadow (D:15)
  Sigmund (D:4)
  A wraith (D:12)
  5 wyverns
  A vampire (D:10)
  6 hogs (D:13)
  2 fire elementals (D:15)
  19 yaks
  A steam dragon (Lair:4)
  A hungry ghost (D:15)
  7 vampire mosquitoes
  Edmund (D:4)
  A warg (Orc:2)
  5 nagas
  2 soldier ants (D:8)
  A spatial vortex (D:15)
  2 hell hounds (D:15)
  2 porcupines
  4 floating eyes (D:15)
  7 water moccasins
  10 orc warriors
  A black bear (shapeshifter) (D:14)
  4 black bears
  An eye of draining (D:11)
  4 ice beasts
  8 boggarts (D:15)
  3 sky beasts
  2 necrophages
  A phantom (D:11)
  3 centaurs
  31 ogres
  7 wolves
  9 crocodiles
  A big kobold (D:11)
  13 bullfrogs
  A scorpion (D:6)
  7 wights
  24 killer bees
  An electric eel (Lair:6)
  2 howler monkeys
  2 bullfrog zombies
  2 crimson imps
  8 hounds
  13 orc wizards
  6 orc priests
  5 jellies
  3 centaur skeletons
  An iguana (D:7)
  6 worker ants
  A hound zombie (D:8)
  3 gnolls (D:8)
  A river rat (D:14)
  9 adders
  A shadow imp (D:9)
  An ooze (D:1)
  An adder zombie (D:5)
  A worm (D:2)
  32 orcs
  5 ball pythons
  A bat (D:1)
  A goblin (D:1)
  2 hobgoblins
  9 jackals
  2 kobolds (D:11)
  2 quokkas
  A leopard gecko skeleton (D:5)
  2 rats
  3 fungi
  9 plants
576 creatures vanquished.

Vanquished Creatures (others)
  A scorpion (D:13)
  A killer bee (D:9)
  53 hexers
  11 ancestors
  A jackal (D:11)
  7 fungi
  45 plants
  8 snaplasher vines
  8 withered plants (Gauntlet)
135 creatures vanquished.

Grand Total: 970 creatures vanquished

Notes
Turn   | Place    | Note
-------+----------+-------------------------------------------
     0 | D:1      | doot the Tengu Summoner began the quest for the Orb.
     0 | D:1      | Reached XP level 1. HP: 10/10 MP: 4/4
   182 | D:1      | Reached skill level 5 in Summonings
   182 | D:1      | Reached XP level 2. HP: 3/15 MP: 3/6
   411 | D:1      | Learned a level 2 spell: Call Imp
  1151 | D:1      | Reached XP level 3. HP: 12/19 MP: 7/7
  1539 | D:1      | Learned a level 3 spell: Call Canine Familiar
  2416 | D:2      | Reached XP level 4. HP: 24/24 MP: 6/8
  2445 | D:2      | Found a sparkling altar of Nemelex Xobeh.
  2680 | D:2      | Reached skill level 1 in Maces & Flails
  3763 | D:3      | Found a hazy altar of Hepliaklqana.
  3776 | D:3      | Became a worshipper of Hepliaklqana the Forgotten
  4007 | D:4      | Gained mutation: You can fly continuously. [Tengu growth]
  4007 | D:4      | Reached XP level 5. HP: 23/25 MP: 9/9
  4436 | D:4      | Noticed an ogre
  4457 | D:4      | Killed an ogre
  4457 | D:4      | Reached skill level 1 in Fighting
  4548 | D:4      | Reached XP level 6. HP: 30/30 MP: 10/10
  5060 | D:4      | Noticed Edmund
  5098 | D:4      | Killed Edmund
  5098 | D:4      | Reached skill level 6 in Summonings
  5149 | D:4      | Noticed Sigmund
  5172 | D:4      | Killed Sigmund
  5172 | D:4      | Reached XP level 7. HP: 34/34 MP: 10/12
  5801 | D:5      | Entered Level 5 of the Dungeon
  6070 | D:5      | Reached skill level 1 in Armour
  6302 | D:5      | Reached XP level 8. HP: 27/39 MP: 14/14
  6390 | D:5      | Reached * piety under Hepliaklqana
  6404 | D:5      | Learned a level 4 spell: Summon Ice Beast
  6409 | D:5      | Learned a level 4 spell: Summon Lightning Spire
  6893 | D:6      | Found a basalt altar of Yredelemnul.
  7120 | D:6      | Found a sacrificial altar of Ru.
  7391 | D:6      | Reached skill level 5 in Stealth
  7391 | D:6      | Reached skill level 7 in Summonings
  7426 | D:6      | Found a shimmering altar of Xom.
  7762 | D:6      | Found a bloodstained altar of Trog.
  8000 | D:6      | Reached skill level 1 in Air Magic
  8335 | D:6      | Reached skill level 5 in Maces & Flails
  8555 | D:6      | Reached XP level 9. HP: 42/44 MP: 17/17
  8899 | D:7      | Reached ** piety under Hepliaklqana
  8900 | D:7      | Remembered your ancestor Publius as a hexer
  8921 | D:7      | You fall through a shaft!
  8939 | D:7      | Reached skill level 8 in Summonings
  9203 | D:7      | Reached skill level 5 in Spellcasting
  9316 | D:7      | Found a staircase to the Ecumenical Temple.
  9466 | Temple   | Entered the Ecumenical Temple
 10053 | D:8      | Noticed a two-headed ogre
 10089 | D:8      | Killed a two-headed ogre
 10458 | D:8      | Found a glowing silver altar of Zin.
 10643 | D:8      | Noticed a hornet
 10655 | D:8      | Killed a hornet
 10821 | D:8      | Reached XP level 10. HP: 49/49 MP: 18/20
 11141 | D:8      | Reached skill level 9 in Summonings
 11188 | D:8      | Found a glowing golden altar of the Shining One.
 11341 | D:8      | Found a shadowy altar of Dithmenos.
 11637 | D:9      | Reached *** piety under Hepliaklqana
 12037 | D:9      | Found a stormy altar of Qazlal.
 12373 | D:10     | Entered Level 10 of the Dungeon
 12469 | D:10     | Noticed a gargoyle
 12569 | D:10     | Killed a gargoyle
 12782 | D:10     | Reached skill level 1 in Ice Magic
 13012 | D:10     | Found a blossoming altar of Fedhas.
 13028 | D:10     | Noticed an oklob plant
 13046 | D:10     | Killed an oklob plant
 13071 | D:10     | Identified the Volume of Nature
 13470 | D:10     | Noticed Joseph
 13569 | D:10     | Killed Joseph
 13569 | D:10     | Reached skill level 10 in Summonings
 13710 | D:10     | Reached skill level 5 in Dodging
 13725 | D:10     | Reached XP level 11. HP: 40/54 MP: 23/23
 13915 | D:10     | Reached **** piety under Hepliaklqana
 14937 | D:11     | Killed an unseen horror
 14954 | D:11     | Noticed a death yak
 14964 | D:11     | Noticed a death yak
 14966 | D:11     | Noticed a death yak
 15143 | D:10     | Killed a death yak
 15143 | D:10     | Reached skill level 5 in Air Magic
 15287 | D:10     | Killed a death yak
 15457 | D:11     | Killed a death yak
 15849 | D:11     | Reached skill level 1 in Invocations
 15978 | D:11     | Found a staircase to the Lair.
 16033 | D:11     | Found a staircase to the Orcish Mines.
 16291 | D:12     | Noticed a manticore
 16308 | D:12     | Killed a manticore
 16768 | D:12     | Reached ***** piety under Hepliaklqana
 17254 | Orc:1    | Entered Level 1 of the Orcish Mines
 17275 | Orc:1    | Reached skill level 11 in Summonings
 17872 | Orc:2    | Entered Level 2 of the Orcish Mines
 17960 | Orc:2    | Noticed a two-headed ogre
 17967 | Orc:2    | Killed a two-headed ogre
 17968 | Orc:2    | Noticed a two-headed ogre
 17968 | Orc:2    | Noticed a two-headed ogre
 17972 | Orc:2    | Noticed an ogre mage
 17974 | Orc:2    | Noticed a two-headed ogre
 18061 | Orc:2    | Found a staircase to the Elven Halls.
 18076 | Orc:2    | Noticed a two-headed ogre
 18085 | Orc:2    | Killed a two-headed ogre
 18103 | Orc:2    | Reached XP level 12. HP: 53/59 MP: 21/26
 18125 | Orc:2    | Noticed a two-headed ogre
 18134 | Orc:2    | Killed a two-headed ogre
 18146 | Orc:2    | Noticed a two-headed ogre
 18157 | Orc:2    | Noticed a two-headed ogre
 18162 | Orc:2    | Killed a two-headed ogre
 18173 | Orc:2    | Killed a two-headed ogre
 18221 | Orc:2    | Found a gate leading to a gauntlet.
 18236 | Orc:2    | Noticed a two-headed ogre
 18237 | Gauntlet | Entered a Gauntlet
 18237 | Gauntlet | Found a transporter.
 18237 | Gauntlet | Found a transporter.
 18237 | Gauntlet | Found a large runed translucent door.
 18237 | Gauntlet | Found a large runed translucent door.
 18237 | Gauntlet | Found a large runed translucent door.
 18237 | Gauntlet | Found a large runed translucent door.
 18237 | Gauntlet | Found a large runed translucent door.
 18237 | Gauntlet | Found a large runed translucent door.
 18237 | Gauntlet | Found a runed translucent door.
 18237 | Gauntlet | Found a runed translucent door.
 18237 | Gauntlet | Found a large runed translucent door.
 18237 | Gauntlet | Found a large runed translucent door.
 18237 | Gauntlet | Found a large runed translucent door.
 18237 | Gauntlet | Found a large runed translucent door.
 18237 | Gauntlet | Found a large runed translucent door.
 18237 | Gauntlet | Found a large runed translucent door.
 18407 | Gauntlet | Found a transporter.
 18407 | Gauntlet | Found a transporter.
 18414 | Gauntlet | Found a transporter.
 18439 | Gauntlet | Found a transporter.
 18440 | Gauntlet | Noticed a death scarab
 18443 | Gauntlet | Found a transporter.
 18444 | Gauntlet | Found a transporter.
 18446 | Gauntlet | Found a transporter.
 18458 | Gauntlet | Found a transporter.
 18483 | Gauntlet | Found a transporter.
 18498 | Gauntlet | Found a large runed translucent door.
 18499 | Gauntlet | Found a large runed translucent door.
 18501 | Gauntlet | Found a runed translucent gate.
 18502 | Gauntlet | Found a runed translucent gate.
 18502 | Gauntlet | Noticed a death scarab
 18503 | Gauntlet | Found a runed translucent gate.
 18503 | Gauntlet | Found a transporter.
 18513 | Gauntlet | Found a large runed translucent door.
 18514 | Gauntlet | Found a large runed translucent door.
 18541 | Gauntlet | Found a transporter.
 18555 | Gauntlet | Found a transporter.
 18657 | Gauntlet | Found a transporter.
 18676 | Gauntlet | Found a transporter.
 18774 | Orc:2    | Noticed an ogre mage
 18785 | Orc:2    | Noticed a two-headed ogre
 18788 | Orc:2    | Killed an ogre mage
 18906 | Orc:2    | Noticed an ogre mage
 18921 | Orc:2    | Killed an ogre mage
 18988 | Orc:2    | Noticed a two-headed ogre
 18991 | Orc:2    | Noticed a two-headed ogre
 19024 | Orc:2    | Killed a two-headed ogre
 19117 | Orc:2    | Noticed an ogre mage
 19167 | Orc:2    | Killed a two-headed ogre
 19266 | Orc:2    | Noticed a two-headed ogre
 19274 | Orc:2    | Killed a two-headed ogre
 19312 | Orc:2    | Killed an ogre mage
 19326 | Orc:2    | Killed a two-headed ogre
 19364 | Orc:2    | Killed a two-headed ogre
 19394 | Orc:2    | Noticed a two-headed ogre
 19406 | Orc:2    | Killed a two-headed ogre
 19472 | Orc:2    | Killed a two-headed ogre
 19472 | Orc:2    | Reached skill level 12 in Summonings
 19696 | Orc:2    | Killed a two-headed ogre
 19705 | Orc:2    | Killed a two-headed ogre
 19746 | Orc:2    | Killed an ogre mage
 19746 | Orc:2    | Reached skill level 10 in Spellcasting
 19858 | Orc:2    | Found Deysioch's Food Emporium.
 19858 | Orc:2    | Found Zadghecw's Distillery.
 19860 | Orc:2    | Found Ofymido's Antique Armour Boutique.
 19860 | Orc:2    | Found Dunaz's Book Emporium.
 20292 | Lair:1   | Entered Level 1 of the Lair of Beasts
 20460 | Lair:1   | Found a deep blue altar of Sif Muna.
 20576 | Lair:1   | Reached ****** piety under Hepliaklqana
 21171 | Lair:1   | Identified the Grimoire of Mutagenic Creation
 21424 | Lair:2   | Reached XP level 13. HP: 63/63 MP: 23/28
 21759 | Lair:2   | Reached skill level 5 in Armour
 22773 | Lair:3   | Reached skill level 13 in Summonings
 23050 | Lair:3   | Found a staircase to the Shoals.
 23437 | D:13     | Found a portal to a secret trove of treasure.
 23448 | D:13     | Noticed Erolcha
 23556 | D:13     | Noticed Snorg
 23718 | D:12     | Killed Snorg
 24221 | D:12     | Killed Erolcha
 24798 | D:13     | Noticed Kirke
 24959 | D:13     | Killed Kirke
 25909 | D:14     | Noticed a vault guard
 26051 | D:14     | Killed a vault guard
 26181 | D:14     | Identified the +10 falchion "Bemohetz" {pain, +Blink rElec
                  | MR+}
 26181 | D:14     | Noticed a vault guard
 26206 | D:14     | Killed a vault guard
 26206 | D:14     | Reached XP level 14. HP: 68/68 MP: 12/31
 26433 | D:14     | Found a gate to the Vaults.
 26964 | Shoals:1 | Entered Level 1 of the Shoals
 26975 | Shoals:1 | Reached skill level 14 in Summonings
 27184 | Shoals:1 | Noticed Donald
 27213 | Shoals:1 | Killed Donald
 27657 | D:15     | Entered Level 15 of the Dungeon
 27854 | D:15     | Learned a level 6 spell: Shadow Creatures
 27860 | D:15     | Learned a level 5 spell: Summon Demon
 27866 | D:15     | Learned a level 5 spell: Summon Forest
 28059 | D:15     | Got an ancient lapis lazuli ring
 28061 | D:15     | Identified the ring of Luiwogoso {rF+ rN+ Dex+4 SInv} (You
                  | found it on level 15 of the Dungeon)
 28151 | D:15     | Found Alintock's General Store.
 28164 | D:15     | Bought a potion of agility for 40 gold pieces
 28164 | D:15     | Bought a scroll of teleportation for 30 gold pieces
 28175 | D:15     | Paralysed by a floating eye for 3 turns
 28383 | D:15     | Got a warped granite ring
 28387 | D:15     | Identified the ring "Sepp" {Ice rElec MR+ Stlth+} (You
                  | found it on level 15 of the Dungeon)
 28410 | D:15     | Paralysed by a floating eye for 2 turns
 28460 | D:15     | Identified the ring of the Priest {Wiz rF+ rC++ Int+2
                  | Stlth-}
 28627 | D:15     | Got a brightly glowing copper ring
 28632 | D:15     | Identified the cursed ring "Onocasir" {Str+3 Int-3 Dex+7}
                  | (You found it on level 15 of the Dungeon)
 28751 | D:15     | Found Mosh's Antique Armour Emporium.
 28765 | D:15     | Bought a glowing hat for 266 gold pieces
 28765 | D:15     | Bought a pair of gloves for 171 gold pieces
 28765 | D:15     | Bought a runed scarf for 304 gold pieces
 29253 | D:15     | Paralysed by a floating eye for 2 turns
 29388 | D:15     | Identified the ring of Understanding {rPois rF++}
 29388 | D:15     | Noticed Azrael
 29805 | D:15     | Killed Azrael
 29815 | D:15     | Reached skill level 1 in Translocations
 29918 | D:15     | Found Ucunwac's Assorted Antiques.
 29930 | D:15     | Bought a scroll labeled VUMAFI GASAFE for 31 gold pieces
 29930 | D:15     | Bought an inconspicuous book for 465 gold pieces
 29930 | D:15     | Bought a scroll of blinking for 232 gold pieces
 30060 | D:15     | Found a staircase to the Depths.
 30298 | D:15     | Reached skill level 15 in Summonings
 30898 | Lair:4   | Found a staircase to the Snake Pit.
 31484 | Lair:5   | Found a staircase to the Slime Pits.
 31620 | Lair:5   | Found a dark tunnel.
 31629 | Volcano  | Entered a volcano
 31831 | Volcano  | Noticed a red draconian
 31846 | Volcano  | Killed a red draconian
 31981 | Volcano  | Got a crude whip
 31982 | Volcano  | Identified the +7 whip of the Moth {slash, Str+7 Dex+3}
                  | (You found it in a volcano)
 32312 | Lair:5   | Reached XP level 15. HP: 41/72 MP: 9/33
 32858 | Lair:6   | Entered Level 6 of the Lair of Beasts
 33268 | Lair:6   | Reached skill level 5 in Fighting
 33663 | Lair:6   | Got a garnet-encrusted scale mail
 33680 | Lair:6   | Identified the +0 scale mail "Laekkeocid" {rPois MR++} (You
                  | found it on level 6 of the Lair of Beasts)
 33697 | Lair:6   | Got a jewelled shortbow
 33698 | Lair:6   | Identified the +6 shortbow "Zeuthun" {venom, rC++ Dex+4}
                  | (You found it on level 6 of the Lair of Beasts)
 33933 | Lair:6   | Identified a scroll of acquirement
 33933 | Lair:6   | Identified doot's Disquisition on the Floating Snowflakes
                  | (You acquired it on level 6 of the Lair of Beasts)
 34398 | Lair:6   | Reached skill level 1 in Bows
 35004 | Shoals:1 | Learned a level 3 spell: Recall
 35050 | Shoals:1 | Reached skill level 16 in Summonings
 36077 | Snake:1  | Entered Level 1 of the Snake Pit
 36438 | Snake:1  | Found an opulent altar of Gozag.
 37741 | Elf:1    | Entered Level 1 of the Elven Halls
 37982 | Orc:2    | Reached skill level 10 in Maces & Flails
 38356 | Elf:1    | Reached XP level 16. HP: 62/79 MP: 28/35
 38572 | Elf:1    | Killed from afar by a deep elf knight

Skill      XL: |  1  2  3  4  5  6  7  8  9 10 11 12 13 14 15 |
---------------+----------------------------------------------+-----
Summonings     | 5 6 7 8 10 11 12 13 15 16 | 16.7
Stealth        | 3 4 5 6 7 8 |  8.8
Maces & Flails | 1 2 3 5 6 7 8 9 10 | 10.0
Fighting       | 1 2 3 4 5 |  5.5
Dodging        | 3 4 5 6 7 |  7.0
Spellcasting   | 3 4 6 7 9 10 12 13 14 | 14.5
Armour         | 1 2 3 4 5 6 |  6.5
Air Magic      | 1 3 4 5 6 7 8 |  8.5
Ice Magic      | 1 2 3 4 |  4.5
Invocations    | 2 4 |  4.3
Translocations | 1 2 |  2.5
Bows           | 2 |  2.2
Unarmed Combat | |  0.2

Action                   |  1- 3 |  4- 6 |  7- 9 | 10-12 | 13-15 | 16-18 || total
-------------------------+-------+-------+-------+-------+-------+-------++-------
Melee: Club              |    22 |       |       |       |       |       ||    22
       Kick              |    31 |    13 |    27 |    62 |   195 |     7 ||   335
       Unarmed           |     3 |       |       |       |       |       ||     3
       Whip              |    90 |    30 |       |       |   268 |    22 ||   410
       Peck              |    14 |     8 |    19 |    46 |   131 |     8 ||   226
       Mace              |       |    23 |       |       |       |       ||    23
       Flail             |       |       |   127 |   240 |    97 |       ||   464
       Dire flail        |       |       |       |       |    81 |       ||    81
       Punch             |       |       |       |       |     1 |       ||     1
 Fire: Shortbow          |       |       |       |       |    55 |     3 ||    58
 Cast: Summon Small Mamm |     9 |     1 |       |       |       |       ||    10
       Call Imp          |     3 |     3 |       |     2 |       |       ||     8
       Call Canine Famil |       |     8 |    22 |    61 |    67 |     1 ||   159
       Summon Lightning  |       |       |    11 |    72 |    64 |     2 ||   149
       Summon Ice Beast  |       |       |     6 |    58 |    82 |       ||   146
       Shadow Creatures  |       |       |       |       |    60 |     3 ||    63
       Summon Forest     |       |       |       |       |    56 |     1 ||    57
       Summon Demon      |       |       |       |       |    39 |     1 ||    40
Invok: Recall Ancestor   |       |     2 |    12 |    28 |    42 |       ||    84
       Ancestor Life: He |       |       |     1 |       |       |       ||     1
       Transference      |       |       |       |       |     2 |       ||     2
       Idealise          |       |       |       |       |       |     1 ||     1
 Abil: Fly               |       |       |     1 |       |       |       ||     1
  Use: Scroll            |       |       |       |    19 |    26 |     2 ||    47
       Potion            |       |       |       |       |     1 |       ||     1
 Stab: Sleeping          |     8 |     4 |     8 |     7 |    15 |       ||    42
       Distracted        |       |       |     2 |     6 |    15 |       ||    23
       Confused          |       |       |     1 |     9 |     8 |       ||    18
       Paralysed         |       |       |       |       |    12 |       ||    12
  Eat: Chunk             |     5 |     6 |    17 |    41 |    59 |     1 ||   129
       Ration            |       |     1 |     2 |     2 |    11 |       ||    16
Armor: Robe              |    27 |    12 |       |       |       |       ||    39
       Leather armour    |       |       |    19 |       |       |       ||    19
       Acid dragon scale |       |       |       |    56 |    96 |     6 ||   158
Dodge: Dodged            |    75 |    47 |   112 |   245 |   428 |    16 ||   923
Block: Shield            |       |       |       |       |     6 |       ||     6
       Reflection        |       |       |       |       |     2 |       ||     2
